 Dungeon Crawl Stone Soup version 0.30.0-19-g36f170ea60 (webtiles) character file.

Game seed: 9563980519329302122

578 keni the Cudgeller (level 7, -5/67 HPs)
             Began as a Troll Berserker on May 25, 2023.
             Was a Priest of Trog.
             Slain by a gnoll
             ... wielding a +0 halberd
              (13 damage)
             ... on level 5 of the Dungeon on May 26, 2023.
             The game lasted 00:20:17 (3131 turns).

keni the Cudgeller (Troll Berserker)                Turns: 3131, Time: 00:20:18

Health: -5/67      AC:  5    Str: 28    XL:     7   Next: 13%
Magic:  6/6        EV: 10    Int:  3    God:    Trog [***...]
Gold:   198        SH:  0    Dex:  9    Spells: 6/6 levels left

rFire   . . .        a - +5 lajatang of Oqarumn {freeze, rN++ Will+ rCorr}
rCold   . . .        (shield currently unavailable)
rNeg    + + .        l - +0 animal skin
rPois   .            (helmet restricted)
rElec   .            i - +0 cloak
rCorr   +            (gloves unavailable)
SInv    .            (boots unavailable)
Will    +....        (no amulet)
Stlth   +            (no ring)
HPRegen 1.11/turn    (no ring)
MPRegen 0.10/turn

%: no passive effects
@: on berserk cooldown, slowed, very slow
A: large, unfitting armour, claws 3, regeneration 1, shaggy fur 1, tough skin 1
a: Renounce Religion, Berserk, Trog's Hand


You were on level 5 of the Dungeon.
You worshipped Trog.
Trog was most pleased with you.
You visited 1 branch of the dungeon, and saw 7 of its levels.
You also visited: Sewer.

You collected 198 gold pieces.

Inventory:

Hand Weapons
 a - the +5 lajatang of Oqarumn (weapon) {freeze, rN++ Will+ rCorr}
   (You found it in a sewer)

   rN:        It greatly protects you from negative energy.
   rCorr:     It protects you from acid and corrosion.
   Will:      It increases your willpower.
 b - a +0 sling
 p - a +0 mace
 r - a +0 flail
Missiles
 d - 48 stones (quivered)
 t - 2 silver boomerangs
 u - 3 poisoned darts
Armour
 i - a +0 cloak (worn)
 l - a +0 animal skin (worn)
Jewellery
 c - a +4 ring of slaying
Wands
 v - a wand of mindburst (19)
Scrolls
 e - a scroll of torment {unknown}
 f - a scroll of vulnerability {unknown}
 j - a scroll of teleportation {unknown}
 k - a scroll of silence {unknown}
 n - a scroll of identify {unknown}
 o - 2 scrolls of blinking
 q - a scroll of magic mapping {unknown}
 s - a scroll of poison {unknown}
Potions
 g - 2 potions of brilliance {unknown}
 h - 4 potions of curing {unknown}
 m - a potion of heal wounds {unknown}


   Skills:
 + Level 3.4 Fighting
 + Level 4.6(5.0) Maces & Flails
 + Level 2.1(3.5) Staves
 + Level 2.0 Ranged Weapons
 + Level 0.4 Throwing
 + Level 3.4 Dodging
 + Level 0.5 Stealth


You had 6 spell levels left.
You didn't know any spells.
Your spell library was empty.

Dungeon Overview and Level Annotations

Branches:
Dungeon (7/15)              Sewer (visited)
 Temple: D:4-7

Altars:
Yredelemnul


Innate Abilities, Weirdness & Mutations

You are too large for most types of armour.
You have claws for hands.
Your natural rate of healing is unusually fast.
You are covered in fur. (AC +1)
You have tough skin. (AC +1)


Message History

The gnoll hits you from afar with a +0 halberd!
The orc priest hits you with a +0 falchion.
You slash the orc priest! You freeze the orc priest.
The orc priest is almost dead.
The adder bites you. The gnoll completely misses you.
The gnoll closely misses you.
You barely miss the orc priest.
The orc priest is almost dead.
The adder bites you but does no damage.
The orc priest hits you with a +0 falchion.
You closely miss the orc priest.
The orc priest is almost dead.
The adder misses you.
The gnoll hits you from afar with a +0 halberd! x2
The orc priest mumbles some strange prayers to Beogh against you.
Beogh smites you!
You slice the orc priest!! You freeze the orc priest.
You kill the orc priest!
Trog accepts your kill. The adder bites you but does no damage.
The gnoll barely misses you.
The gnoll hits you from afar with a +0 halberd.
Your base Staves skill increases to level 2!
You barely miss the adder.
You are no longer berserk.
You are exhausted.
You feel yourself slow down. The adder barely misses you.
The gnoll hits you from afar with a +0 halberd!
The gnoll completely misses you.
You slash the adder!
The adder seems to slow down.
You freeze the adder.
You kill the adder!
Trog accepts your kill.
Your skin stops crawling.
You feel less strong-willed.
The gnoll hits you from afar with a +0 halberd.
The gnoll closely misses you. The gnoll hits you with a +0 halberd!
* * * LOW HITPOINT WARNING * * *
The gnoll hits you with a +0 halberd!
* * * LOW HITPOINT WARNING * * *
The gnoll hits you with a +0 halberd!
You die...

.............
...P.PPP....
#..~~~~...
#$....P..# #.
#..~~~~..####..
##...PPP.......#
.......gg......#
#..†@?......#
#..)).......#
#...........#
#...........#
#....>......#
#............
.............:#
......?.......#
####......#####


You could see 2 gnolls.

Vanquished Creatures
  A black bear (D:4)
  2 bullfrogs (Sewer)
  2 hounds (D:5)
  An orc priest (D:5)
  An orc wizard (D:4)
  Robin (D:2)
  9 adders
  A gnoll (D:5)
  A river rat (D:3)
  A dart slug (D:4)
  14 orcs
  5 endoplasms
  13 giant cockroaches
  13 goblins
  5 hobgoblins
  10 jackals
  7 kobolds
  8 quokkas
  9 ball pythons
  4 bats
  5 frilled lizards
  3 rats (D:3)
116 creatures vanquished.

Notes
Turn   | Place    | Note
-------+----------+-------------------------------------------
     0 | D:1      | keni the Troll Berserker began the quest for the Orb.
     0 | D:1      | Reached XP level 1. HP: 22/22 MP: 0/0
   171 | D:1      | Reached XP level 2. HP: 29/29 MP: 1/1
   401 | D:1      | Reached skill level 3 in Maces & Flails
   773 | D:2      | Reached XP level 3. HP: 21/36 MP: 2/2
   799 | D:2      | Found a faded altar of an unknown god.
   912 | D:2      | Noticed Robin
   937 | D:2      | Reached ** piety under Trog
   950 | D:2      | Upgraded the game from 0.30.0-18-gc0e69614cb to
                  | 0.30.0-19-g36f170ea60
   966 | D:2      | Killed Robin
   967 | D:2      | Reached XP level 4. HP: 25/44 MP: 3/3
  1500 | D:3      | Found a basalt altar of Yredelemnul.
  1705 | D:3      | Reached skill level 4 in Maces & Flails
  1709 | D:3      | Found a glowing drain.
  1716 | Sewer    | Entered a sewer
  1834 | Sewer    | Reached XP level 5. HP: 51/52 MP: 4/4
  1892 | Sewer    | Reached *** piety under Trog
  2061 | Sewer    | Reached skill level 1 in Ranged Weapons
  2066 | Sewer    | Reached XP level 6. HP: 34/61 MP: 5/5
  2091 | Sewer    | Identified the +5 lajatang of Oqarumn {freeze, rN++ Will+
                  | rCorr}
  2909 | D:4      | Reached skill level 1 in Staves
  3058 | D:4      | You fall into a shaft and drop 3 floors!
  3103 | D:5      | Entered Level 5 of the Dungeon
  3123 | D:5      | Reached XP level 7. HP: 67/67 MP: 6/6
  3131 | D:5      | Slain by a gnoll

Illustrated notes

Levels and vault maps discovered:
D:1:      wander_arrival_abandoned_jail, layout_loops_ring
D:2:      layout_loops_ring, hellmonk_ecumenical_altar_dog_temple, uniq_robin
D:3:      layout_basic, lemuel_crystal_altar, gup_sewer_entry_bubbles
D:4:      layout_gridville, minivault_26
D:5:      layout_rooms, nicolae_ossuary_entry_giza, dreamdust_gnoll_farm
D:6:      minmay_skewed_foursquare, layout_loops_cross, serial_shops,
          nicolae_shop_trees
D:7:      layout_cave_pods, minmay_temple_entry_proselytizer, kennysheep_boxes,
          uniq_duvessa, uniq_maggie, uniq_crazy_yiuf_cottage

Skill      XL: |  1  2  3  4  5  6  7 |
---------------+----------------------+-----
Maces & Flails | 3 4 |  4.6
Dodging        | 3 |  3.4
Fighting       | 3 |  3.4
Ranged Weapons | 1 2 |  2.0
Staves         | 1 2 |  2.1
Throwing       | |  0.4
Stealth        | |  0.5

Action                     |  1- 3 |  4- 6 |  7- 9 || total
---------------------------+-------+-------+-------++-------
  Melee: Mace              |   136 |    25 |       ||   161
         Flail             |       |   149 |       ||   149
         Punch             |       |     2 |       ||     2
         Lajatang          |       |    56 |     8 ||    64
   Fire: Sling             |       |    52 |       ||    52
  Throw: Stone             |    11 |     1 |       ||    12
 Invoke: Berserk           |     1 |     2 |       ||     3
         Trog's Hand       |       |     2 |       ||     2
   Stab: Sleeping          |     1 |       |       ||     1
 Armour: Animal skin       |    79 |   114 |     2 ||   195
  Dodge: Dodged            |    90 |   146 |    10 ||   246
